 Dungeon Crawl Stone Soup version 0.20.1-1-g8b1a95d (webtiles) character file.

180768 jojo4000 the Severer (level 17, -10/172 (173) HPs)
             Began as a Minotaur Berserker on July 16, 2017.
             Was the Champion of Trog.
             Mangled by a Tzitzimitl (17 damage)
             ... summoned by a deep elf demonologist
             ... on level 3 of the Elven Halls.
             The game lasted 03:59:30 (33186 turns).

jojo4000 the Severer (Minotaur Berserker)          Turns: 33186, Time: 03:59:30

HP:   -10/172 (173) AC: 29    Str: 35 (36) XL:     17   Next: 65%
MP:   9/9           EV: 13    Int: 11      God:    Trog [******]
Gold: 1484          SH: 11    Dex: 13 (14) Spells: 16/16 levels left

rFire    . . .     SeeInvis .   g - +1 war axe (antimagic)
rCold    + . .     Gourm    .   X - +3 buckler of the King of the Hill {rElec rC+ Str+3 Stlth+}
rNeg     + . .     Faith    .   w - +2 chain mail "Cogikom" {Dex+4 Slay+3}
rPois    .         Spirit   .   L - +3 hat of Pondering {ponderous, MR+ MP+10 Int+5}
rElec    +         Reflect  .   h - scarf {cloud immunity}
rCorr    .         Harm     .   T - +2 pair of gloves
MR       ++...     Rnd*Tele +   a - +0 pair of boots (curse)
Stlth    ..........             (no amulet)
Regen    0.4/turn               F - ring of positive energy
MPRegen  0.2/turn               K - +4 ring of strength

@: about to teleport, slowed, drained, very slow
A: retaliatory headbutt, fangs 1, horns 2, icy blue scales 1, rugged brown
scales 1, slimy green scales 1, clever 1, deterioration 2, low mp 1,
teleportitis 1
a: Berserk, Trog's Hand, Brothers in Arms, Burn Spellbooks, Renounce Religion


You were on level 3 of the Elven Halls.
You worshipped Trog.
Trog was exalted by your worship.
You were very hungry.

You visited 4 branches of the dungeon, and saw 26 of its levels.
You visited 1 bazaar.

You collected 3670 gold pieces.
You spent 2186 gold pieces at shops.

Inventory:

Hand Weapons
 g - a +1 antimagic war axe (weapon)
 y - a +4 war axe of flaming
 N - a +3 war axe of venom
Missiles
 A - 9 large rocks
Armour
 a - a cursed +0 pair of boots (worn)
 h - a scarf of cloud immunity (worn)
 w - the +2 chain mail "Cogikom" (worn) {Dex+4 Slay+3}
   (You bought it in a shop on level 4 of the Dungeon)

   It affects your dexterity (+4).
   It affects your accuracy and damage with ranged weapons and melee attacks
   (+3).
 L - the +3 hat of Pondering (worn) {ponderous, MR+ MP+10 Int+5}
   (You took it off Gastronok on level 1 of the Lair of Beasts)

   It affects your intelligence (+5).
   It affects your resistance to hostile enchantments.
   It affects your magic capacity (+10).
 T - a +2 pair of gloves (worn)
 X - the +3 buckler of the King of the Hill (worn) {rElec rC+ Str+3 Stlth+}
   (You bought it in a shop in a bazaar)

   It affects your strength (+3).
   It protects you from cold.
   It insulates you from electricity.
   It makes you more stealthy.
Jewellery
 F - a ring of positive energy (left hand)
 K - a +4 ring of strength (right hand)
 O - a cursed -3 ring of evasion {unknown}
 Q - an uncursed ring of protection from fire
Wands
 k - a wand of lightning (9/15)
 l - a wand of clouds (3/9)
 o - a wand of iceblast (10/15)
 p - a wand of acid (15/15)
 x - a wand of lightning (8/15)
 z - a wand of paralysis (8/24)
 P - a wand of flame (28/48)
 U - a wand of clouds (2/9)
Scrolls
 d - 7 scrolls of teleportation
 i - a scroll of enchant armour
 m - 9 scrolls of remove curse
 n - 6 scrolls of identify
 q - a scroll of magic mapping
 t - 2 scrolls of fear
 v - 2 scrolls of immolation
 G - 3 scrolls of recharging
 J - a scroll of enchant weapon
 W - a scroll of random uselessness {unknown}
 Y - a scroll of vulnerability {unknown}
Potions
 b - 2 potions of ambrosia
 e - 5 potions of flight
 j - 2 potions of brilliance
 s - 6 potions of lignification
 u - a potion of curing
 C - 2 potions of resistance
 E - a potion of haste
 H - a potion of mutation {unknown}
 I - 4 potions of agility
 M - 4 potions of might
 R - a potion of cancellation
 S - a potion of invisibility
Comestibles
 c - 12 bread rations
 f - 15 meat rations
 r - 13 fruits
 D - 8 royal jellies


   Skills:
 * Level 19.3(19.1) Fighting
 + Level 19.8(19.6) Axes
 * Level 15.8(15.6) Armour
 + Level 7.2(7.1) Dodging
 + Level 3.6(3.5) Stealth
 * Level 15.5(15.4) Shields
 + Level 6.3(6.2) Evocations


You had 16 spell levels left.
You didn't know any spells.

Dungeon Overview and Level Annotations

Branches:
Dungeon (15/15)            Temple (0/1) D:7            Lair (6/6) D:8
  Swamp (0/4) Lair:4       Spider (0/4) Lair:2        Slime (0/5) Lair:5
    Orc (2/2) D:10            Elf (3/3) Orc:2        Vaults (0/5) D:14
 Depths (0/5) D:15

Altars:
Ashenzari
Dithmenos
Elyvilon
Gozag
Hepliaklqana
Kikubaaqudgha
Nemelex Xobeh
Okawaru
Sif Muna
Vehumet
Xom
Beogh
Jiyva

Shops:
D:4 ([   D:7 [}=[(   D:8 *   D:12 [[   D:13 *   D:14 (   Orc:2 ([((   Elf:1 (

Portals:
Trove: Elf:3 (give 15 scrolls of teleportation)

Annotations:
Lair:5 exclusion: 5 oklob plants


Innate Abilities, Weirdness & Mutations

You reflexively headbutt those who attack you in melee.
You have a pair of horns on your head.
You have very sharp teeth.
You are partially covered in icy blue scales. (AC +2)
You are partially covered in rugged brown scales. (AC +1, +3% HP)
You are partially covered in slimy green scales. (AC +2)
Your mind is acute. (Int +2)
Your body often deteriorates upon taking damage.
Your magical capacity is low. (-10% MP)
You are occasionally teleported next to monsters.


Message History

You kill the deep elf annihilator!
Trog accepts your kill.
Trog appreciates your killing of a magic user.
You block the Executioner's attack.
The Executioner hits you but does no damage.
The Executioner misses you. You block the Executioner's attack.
The Executioner hits you but does no damage.
The Executioner misses you.
The deep elf sorcerer is engulfed in poison gas.
The deep elf sorcerer looks even sicker.
The Executioner closely misses you. You furiously retaliate!
You headbutt the Executioner, but do no damage.
The Executioner barely misses you. You block the Executioner's attack.
The deep elf high priest is engulfed in poison gas.
The deep elf high priest is poisoned.
The deep elf sorcerer is engulfed in poison gas.
The deep elf sorcerer looks even sicker.
The deep elf elementalist prays for help.
The Tzitzimitl engulfs you!
You die...

#########
*4.e.'))###
#)()e###
##).e§§### #
###e§eee### .e ##
###§§e1)#
..##.###e..###X1@#


eeee...ee.. ###+# #e.ee.# ##.1.## #ee.# #.ee# ...4e ...... ....ee. You could see
a Tzitzimitl, a ghostly deep elf master archer, a ghostly deep elf death mage,
an Executioner, a deep elf sorcerer, a deep elf elementalist (fleeing), a deep
elf demonologist, 2 deep elf high priests and a large abomination.

Vanquished Creatures
  Jorgrun (Elf:2)
  2 deep elf blademasters (Elf:3)
  2 deep elf master archers (Elf:3)
  Gastronok (Lair:1)
  Louise (Elf:2)
  3 deep elf sorcerers
  4 deep elf elementalists
  4 deep elf demonologists
  The ghost of mike2R the Basher, a journeyman DrWz of Yredelemnul (Lair:4)
  A deep elf annihilator (Elf:3)
  An ettin (Orc:1)
  3 eidola
  2 ogre magi
  3 deep elf death magi
  9 deep elf high priests
  A great orb of eyes (D:15)
  Harold (Orc:1)
  A centaur warrior (D:12)
  3 hydras
  26 dancing weapons
  4 tengu warriors
  11 two-headed ogres
  A vampire mage (D:14)
  The ghost of KingBobo974 the Grappler, a novice TrBe of Trog (D:7)
  9 orc high priests
  19 deep elf knights
  2 small abominations (Elf:3)
  18 skeletal warriors
  Nergalle (Lair:1)
  6 unseen horrors
  An orc knight (Elf:1)
  2 phantasmal warriors (D:14)
  13 deep elf archers
  50 deep elf magi
  6 ugly things (D:14)
  2 wolf spider zombies (D:14)
  A manticore (Lair:6)
  4 orc sorcerers
  3 slime creatures (D:12)
  2 cyclopes
  6 centaur zombies
  Maurice (Orc:1)
  2 black mambas
  A gargoyle (D:14)
  13 spiny frogs
  11 centaur skeletons
  3 kobold demonologists
  4 komodo dragons
  3 rime drakes
  6 yaktaurs (D:15)
  A tengu conjurer (D:11)
  3 trolls
  9 polar bears
  8 hornets
  8 blink frogs
  A harpy skeleton (D:14)
  7 dream sheep
  18 hippogriffs
  4 flying skulls (D:14)
  15 spriggans (Lair:6)
  A hippogriff (shapeshifter) (D:15)
  A wraith (D:11)
  12 wyverns
  27 yaks
  3 water elementals
  3 fire elementals
  5 hungry ghosts
  8 basilisks
  Grum (Lair:1)
  5 vampire mosquitoes
  5 wargs
  2 soldier ants (D:11)
  A hell hound (Lair:6)
  2 acid dragons
  9 porcupines
  14 water moccasins
  3 ice beasts
  16 orc warriors
  6 black bears
  A hornet zombie (D:12)
  2 sky beasts
  17 ogres
  2 boggarts (Lair:6)
  24 wolves
  17 centaurs
  An eye of draining (shapeshifter) (D:15)
  2 phantoms
  An eye of draining (D:8)
  9 crocodiles
  12 big kobolds
  21 bullfrogs
  A gnoll sergeant (D:9)
  A wyvern zombie (D:14)
  3 earth elementals (Elf:1)
  4 wyvern skeletons
  5 scorpions
  4 killer bees (D:13)
  10 wights
  2 electric eels
  3 howler monkeys
  4 crimson imps
  6 hounds
  2 quasits
  2 bullfrog zombies
  5 jellies
  3 bullfrog skeletons
  38 orc priests
  20 orc wizards
  An iguana (D:6)
  Terence (D:3)
  14 worker ants
  2 killer bee zombies
  A howler monkey zombie (D:6)
  2 worker ant zombies
  6 gnolls
  A howler monkey skeleton (D:7)
  11 adders
  8 river rats (D:4)
  4 shadow imps
  3 oozes
  4 worms
  7 leopard geckos
  130 orcs
  6 giant cockroaches
  9 goblins
  4 hobgoblins
  18 jackals
  26 kobolds
  6 quokkas
  A ball python (D:5)
  8 bats
  4 frilled lizards
  A leopard gecko skeleton (D:6)
  A leopard gecko zombie (D:7)
  A quokka skeleton (D:6)
  20 rats
  3 bushes
  4 crawling corpses
  15 fungi
  11 plants
1029 creatures vanquished.

Vanquished Creatures (others)
  A deep elf mage (Elf:1)
  5 dream sheep (Lair:2)
  An orc (Elf:1)
  A kobold (D:8)
  4 fungi
  2 plants
  4 toadstools (D:1)
18 creatures vanquished.

Grand Total: 1047 creatures vanquished

Notes
Turn   | Place    | Note
-------+----------+-------------------------------------------
     0 | D:1      | jojo4000 the Minotaur Berserker began the quest for the Orb.
     0 | D:1      | Reached XP level 1. HP: 19/19 MP: 0/0
   249 | D:1      | Reached XP level 2. HP: 27/27 MP: 1/1
   625 | D:1      | Found a sparkling altar of Nemelex Xobeh.
  1228 | D:2      | Found a faded altar of an unknown god.
  1430 | D:2      | Reached XP level 3. HP: 33/33 MP: 2/2
  1479 | D:2      | Reached ** piety under Trog
  1882 | D:2      | Reached XP level 4. HP: 36/41 MP: 3/3
  2240 | D:3      | Reached skill level 5 in Axes
  2240 | D:3      | Reached XP level 5. HP: 47/47 MP: 4/4
  2767 | D:3      | Noticed Terence
  2779 | D:3      | Killed Terence
  3160 | D:4      | Reached skill level 5 in Fighting
  3167 | D:4      | Found Xiocvaot's Armour Boutique.
  3214 | D:4      | HP: 2/48 [poisoned by a worker ant]
  3222 | D:4      | HP: 1/48 [poisoned by a worker ant]
  3590 | D:4      | Reached XP level 6. HP: 40/56 MP: 5/5
  3721 | D:4      | Found Nylaq's Weapon Shop.
  3787 | D:4      | Found a hazy altar of Hepliaklqana.
  4231 | D:4      | Reached XP level 7. HP: 61/62 MP: 6/6
  4354 | D:4      | Found a deep blue altar of Sif Muna.
  4432 | D:4      | Reached *** piety under Trog
  4955 | D:4      | Reached skill level 1 in Stealth
  5115 | D:5      | Entered Level 5 of the Dungeon
  5506 | D:5      | Reached XP level 8. HP: 71/71 MP: 7/7
  5514 | D:5      | Gained mutation: You are partially covered in icy blue scales. (AC +2) [mutagenic meat]
  5515 | D:5      | Gained mutation: Your mind is acute. (Int +2) [mutagenic meat]
  5516 | D:5      | Gained mutation: You are partially covered in rugged brown scales. (AC +1, +3% HP) [mutagenic meat]
  5669 | D:5      | Reached **** piety under Trog
  6175 | D:6      | Reached skill level 5 in Armour
  6220 | D:6      | Reached skill level 10 in Axes
  7008 | D:7      | Found Qebbonor's Gadget Shoppe.
  7008 | D:7      | Found Ontipnir's Jewellery Shop.
  7031 | D:7      | Found Guthry Gyuri's Armour Shoppe.
  7082 | D:7      | Noticed KingBobo974's ghost (novice TrBe)
  7097 | D:7      | Killed KingBobo974's ghost
  7097 | D:7      | Reached XP level 9. HP: 44/83 MP: 8/8
  7462 | D:7      | Found a staircase to the Ecumenical Temple.
  7742 | D:7      | Found Adut's Armour Emporium.
  7981 | D:7      | Found Jevollu's Weapon Shop.
  8169 | D:8      | Found a staircase to the Lair.
  8396 | D:8      | Reached ***** piety under Trog
  8434 | D:8      | Noticed a kobold demonologist
  8442 | D:8      | Reached XP level 10. HP: 91/93 MP: 9/9
  8957 | D:8      | Found Fudezioj's General Store.
  9309 | D:9      | Received a gift from Trog
  9345 | D:9      | Found an ancient bone altar of Kikubaaqudgha.
  9604 | D:9      | Found a shattered altar of Ashenzari.
  9611 | D:9      | Found a shadowy altar of Dithmenos.
  9619 | D:9      | Found an iron altar of Okawaru.
  9786 | D:10     | Entered Level 10 of the Dungeon
  9806 | D:10     | Killed an unseen horror
  9806 | D:10     | Reached skill level 10 in Fighting
 10035 | D:10     | Gained mutation: Your magical capacity is low. (-10% MP) [mutagenic meat]
 10036 | D:10     | Gained mutation: You have sharp toenails. [mutagenic meat]
 10037 | D:10     | Gained mutation: Your body sometimes deteriorates upon taking damage. [mutagenic meat]
 10038 | D:10     | Gained mutation: You are occasionally teleported next to monsters. [mutagenic meat]
 10039 | D:10     | Gained mutation: You are partially covered in large bone plates. (SH +4) [mutagenic meat]
 10314 | D:10     | Noticed a two-headed ogre
 10319 | D:10     | Killed a two-headed ogre
 10553 | D:10     | Noticed a two-headed ogre
 10562 | D:10     | Killed a two-headed ogre
 10562 | D:10     | Reached XP level 11. HP: 85/104 MP: 8/8
 10765 | D:10     | Found a staircase to the Orcish Mines.
 10930 | D:11     | Noticed a sixfirhy
 10937 | D:11     | Noticed a sun demon
 10955 | D:11     | Reached skill level 15 in Axes
 11010 | D:11     | Reached skill level 5 in Dodging
 11447 | D:11     | Noticed a two-headed ogre
 11449 | D:11     | Killed a two-headed ogre
 11853 | D:11     | Killed an unseen horror
 11946 | D:11     | Received a gift from Trog
 11956 | D:11     | Noticed a tengu warrior
 11965 | D:11     | Killed a tengu warrior
 12162 | D:11     | Paralysed by a hornet for 3 turns
 12496 | D:12     | Noticed a centaur warrior
 12502 | D:12     | Killed a centaur warrior
 12502 | D:12     | Reached skill level 1 in Shields
 12592 | D:12     | Noticed an eight-headed hydra
 12600 | D:12     | Killed a ten-headed hydra
 12600 | D:12     | Reached XP level 12. HP: 115/115 MP: 9/9
 12712 | D:12     | Noticed a two-headed ogre
 12731 | D:12     | Killed a two-headed ogre
 13481 | D:12     | Found Etag's Antique Armour Shop.
 13490 | D:12     | Bought a shield for 144 gold pieces
 13639 | D:12     | Found Bots's Armour Shop.
 13818 | D:4      | Bought a scarf of cloud immunity for 98 gold pieces
 13818 | D:4      | Bought the +2 chain mail "Cogikom" {Dex+4 Slay+3} for 595 gold pieces
 14423 | Lair:1   | Entered Level 1 of the Lair of Beasts
 14449 | Lair:1   | Reached skill level 5 in Shields
 14452 | Lair:1   | Received a gift from Trog
 14480 | Lair:1   | Reached ****** piety under Trog
 14534 | Lair:1   | Reached skill level 10 in Armour
 14603 | Lair:1   | Noticed Grum
 14615 | Lair:1   | Noticed Nergalle
 14620 | Lair:1   | Killed Grum
 14626 | Lair:1   | Killed Nergalle
 14820 | Lair:1   | Noticed Gastronok
 14845 | Lair:1   | Killed Gastronok
 14845 | Lair:1   | Reached XP level 13. HP: 91/125 MP: 10/10
 15642 | Lair:2   | Found a shimmering altar of Xom.
 15869 | Lair:2   | Found a deep blue altar of Sif Muna.
 16291 | Lair:2   | Found a hole to the Spider Nest.
 17487 | Lair:3   | Got a dazzling chain mail
 17498 | Lair:3   | Identified the +7 chain mail of Tulips {rN++ Stlth-} (You found it on level 3 of the Lair of Beasts)
 17804 | Lair:4   | Noticed mike2R's ghost (journeyman DrWz)
 17827 | Lair:4   | Killed mike2R's ghost
 17827 | Lair:4   | Reached skill level 1 in Evocations
 18306 | Lair:4   | Found a staircase to the Swamp.
 18690 | Lair:5   | Found a viscous altar of Jiyva.
 18740 | Lair:5   | Found a staircase to the Slime Pits.
 18764 | Lair:5   | Received a gift from Trog
 19902 | Lair:6   | Entered Level 6 of the Lair of Beasts
 20247 | Lair:6   | Reached XP level 14. HP: 120/136 MP: 13/13
 20747 | Lair:6   | Reached skill level 10 in Shields
 20938 | Lair:6   | Received a gift from Trog
 22020 | D:13     | Reached skill level 15 in Fighting
 22855 | D:13     | Found Wittemu's Assorted Antiques.
 22950 | D:14     | Found Myir's Antique Weapon Emporium.
 23080 | D:14     | Received a gift from Trog
 23106 | D:14     | Lost mutation: Your magical capacity is low. (-10% MP) [mutagenic meat]
 23107 | D:14     | Gained mutation: You have supernaturally acute eyesight. (SInv) [mutagenic meat]
 23129 | D:14     | Lost mutation: You are partially covered in large bone plates. (SH +4) [mutagenic meat]
 23130 | D:14     | Gained mutation: Your body often deteriorates upon taking damage. [mutagenic meat]
 23132 | D:14     | Gained mutation: You are weak. (Str -2) [mutagenic meat]
 23133 | D:14     | Gained mutation: You have very sharp teeth. [mutagenic meat]
 23637 | D:14     | Reached XP level 15. HP: 107/145 MP: 17/17
 23711 | D:14     | Reached skill level 5 in Evocations
 24112 | D:14     | Found a gate to the Vaults.
 24236 | D:14     | Found a white marble altar of Elyvilon.
 24517 | D:12     | Received a gift from Trog
 24579 | Orc:1    | Entered Level 1 of the Orcish Mines
 24614 | Orc:1    | Noticed Maurice
 24620 | Orc:1    | Noticed Harold
 24629 | Orc:1    | Killed Maurice
 24634 | Orc:1    | Paralysed by an orc sorcerer for 6 turns
 24650 | Orc:1    | Killed Harold
 25506 | Orc:2    | Entered Level 2 of the Orcish Mines
 25814 | Orc:2    | Found a radiant altar of Vehumet.
 26294 | Orc:2    | Found Jolaog's Antique Armour Shoppe.
 26357 | Orc:2    | Found Aveng's Antique Weapon Shop.
 26596 | Orc:2    | Found a staircase to the Elven Halls.
 26635 | Orc:2    | Found Xuwoethrithro's Antique Weapon Shoppe.
 26657 | Orc:2    | Found Zaexirr's Antique Weapon Shop.
 26705 | Orc:2    | Bought a glowing war axe for 234 gold pieces
 26764 | Orc:2    | Found a roughly hewn altar of Beogh.
 27260 | D:15     | Entered Level 15 of the Dungeon
 27523 | D:15     | Lost mutation: You have sharp toenails. [mutagenic meat]
 27524 | D:15     | Lost mutation: You have supernaturally acute eyesight. (SInv) [mutagenic meat]
 27525 | D:15     | Gained mutation: You are partially covered in slimy green scales. (AC +2) [mutagenic meat]
 27526 | D:15     | Gained mutation: Your magical capacity is low. (-10% MP) [mutagenic meat]
 27608 | D:15     | Lost mutation: You are weak. (Str -2) [mutagenic meat]
 27897 | D:15     | Found a staircase to the Depths.
 27942 | D:15     | Found a flickering gateway to a bazaar.
 27948 | Bazaar   | Entered a bazaar
 27948 | Bazaar   | Found Fuatsol's Armour Shop.
 27948 | Bazaar   | Found Hyloo's Book Shop.
 27948 | Bazaar   | Found Eseoz's Assorted Antiques.
 27950 | Bazaar   | Found Tuotsefo's Magic Scroll Boutique.
 28008 | Bazaar   | Bought the +3 buckler of the King of the Hill {rElec rC+ Str+3 Stlth+} for 595 gold pieces
 28051 | Bazaar   | Bought 2 potions of heal wounds for 260 gold pieces
 28051 | Bazaar   | Bought a potion of heal wounds for 130 gold pieces
 28051 | Bazaar   | Bought a transparent jade ring for 130 gold pieces
 28054 | Bazaar   | Identified the ring of the Harvest {*Tele rF+} (You bought it in a shop in a bazaar)
 28109 | D:15     | Found an opulent altar of Gozag.
 28448 | Elf:1    | Entered Level 1 of the Elven Halls
 28513 | Elf:1    | Noticed a deep elf sorcerer
 28533 | Elf:1    | Killed a deep elf sorcerer
 28574 | Elf:1    | Received a gift from Trog
 28632 | Elf:1    | Reached XP level 16. HP: 77/158 MP: 17/17
 28875 | Elf:1    | Got an ancient executioner's axe {chop}
 28881 | Elf:1    | Identified the +0 executioner's axe of Qeon {chop, Stlth+} (You took it off a deep elf knight on level 1 of the Elven Halls)
 29123 | Elf:1    | Found Keedium's Antique Weapon Shop.
 30014 | Elf:1    | Received a gift from Trog
 31240 | Elf:2    | Noticed a Hell Sentinel
 31310 | Elf:2    | Received a gift from Trog
 31395 | Elf:2    | Noticed Jorgrun
 31427 | Elf:2    | Killed Jorgrun
 31427 | Elf:2    | Reached skill level 15 in Armour
 31442 | Elf:2    | Reached skill level 15 in Shields
 31578 | Elf:2    | Reached XP level 17. HP: 89/169 MP: 18/18
 32080 | Elf:2    | Found a runed gate.
 32080 | Elf:2    | Found a runed gate.
 32081 | Elf:2    | Found a runed gate.
 32092 | Elf:2    | Noticed Louise
 32106 | Elf:2    | Killed Louise
 32757 | Elf:2    | Received a gift from Trog
 32921 | Elf:3    | Entered Level 3 of the Elven Halls
 33049 | Elf:3    | Found a portal to a secret trove of treasure.
 33082 | Elf:3    | Noticed a deep elf blademaster
 33116 | Elf:3    | Noticed a deep elf blademaster
 33119 | Elf:3    | Noticed a deep elf master archer
 33128 | Elf:3    | Killed a deep elf blademaster
 33133 | Elf:3    | Killed a deep elf blademaster
 33137 | Elf:3    | Killed a deep elf master archer
 33163 | Elf:3    | Noticed a deep elf master archer
 33173 | Elf:3    | Noticed a Tzitzimitl
 33178 | Elf:3    | Noticed a deep elf master archer
 33183 | Elf:3    | Killed a deep elf master archer
 33185 | Elf:3    | Killed a deep elf master archer
 33185 | Elf:3    | HP: 6/173 [Tzitzimitl[a deep elf demonologist] (13)]
 33186 | Elf:3    | Mangled by a Tzitzimitl

Skill      XL: |  1  2  3  4  5  6  7  8  9 10 11 12 13 14 15 16 17 |
---------------+----------------------------------------------------+-----
Fighting       | 4 5 6 7 9 10 12 13 14 15 16 18 19 | 19.3
Axes           | 4 5 6 7 8 11 12 14 16 17 18 19 | 19.8
Dodging        | 3 4 5 6 7 |  7.2
Armour         | 3 4 5 7 9 10 11 13 15 | 15.8
Stealth        | 1 2 3 |  3.6
Shields        | 1 6 9 11 13 15 | 15.5
Evocations     | 2 4 6 |  6.3

Action                   |  1- 3 |  4- 6 |  7- 9 | 10-12 | 13-15 | 16-18 || total
-------------------------+-------+-------+-------+-------+-------+-------++-------
Melee: Hand axe          |   169 |   119 |   300 |       |       |       ||   588
       Headbutt          |    50 |    25 |    61 |   116 |   384 |   113 ||   749
       War axe           |       |       |    57 |   445 |  1245 |   457 ||  2204
       Kick              |       |       |       |   155 |    60 |       ||   215
       Broad axe         |       |       |       |    39 |       |       ||    39
       Bite              |       |       |       |       |   106 |    64 ||   170
Invok: Berserk           |       |     4 |    11 |    10 |     9 |     6 ||    40
       Trog's Hand       |       |     1 |     2 |     2 |     4 |     5 ||    14
       Burn Spellbooks   |       |       |     1 |     3 |     4 |       ||     8
Evoke: Wand              |       |       |       |       |       |     3 ||     3
  Use: Scroll            |       |       |     2 |     4 |    27 |     5 ||    38
       Potion            |       |       |       |       |     3 |    11 ||    14
 Stab: Sleeping          |       |     1 |       |       |       |       ||     1
       Invisible         |       |       |       |       |       |     7 ||     7
       Distracted        |       |       |       |       |       |     1 ||     1
       Confused          |       |       |       |       |       |     3 ||     3
  Eat: Royal jelly       |     1 |     2 |       |       |     8 |     2 ||    13
       Chunk             |     1 |     8 |    25 |    33 |    50 |    12 ||   129
       Fruit             |       |       |     3 |     4 |     8 |       ||    15
       Meat ration       |       |       |       |       |     1 |     1 ||     2
Armor: Animal skin       |     8 |     9 |       |       |       |       ||    17
       Scale mail        |       |    21 |   137 |   147 |       |       ||   305
       Chain mail        |       |       |       |    34 |   410 |   188 ||   632
Dodge: Dodged            |    54 |    63 |   161 |   180 |   269 |   143 ||   870
Block: Other             |       |       |       |    25 |       |       ||    25
       Buckler           |       |       |       |    32 |    15 |   177 ||   224
       Shield            |       |       |       |    57 |   750 |       ||   807
